 Dungeon Crawl Stone Soup version 0.20.1-1-g8b1a95d (webtiles) character file.

64 Kingsmith the Shield-Bearer (level 4, -1/28 HPs)
             Began as a Gargoyle Fighter on Dec 8, 2017.
             Slain by Grinder (7 damage)
             ... while paralysed by Grinder
             ... on level 3 of the Dungeon.
             The game lasted 00:02:09 (1862 turns).

Kingsmith the Shield-Bearer (Gargoyle Fighter)      Turns: 1862, Time: 00:02:10

Health: -1/28      AC: 10    Str: 20    XL:     4   Next: 12%
Magic:  4/4        EV:  2    Int:  9    God:
Gold:   185        SH:  0    Dex:  9    Spells: 3/3 levels left

rFire    . . .     SeeInvis .   a - +0 long sword
rCold    . . .     Gourm    .   (no shield)
rNeg     + . .     Faith    .   b - +0 scale mail
rPois    ∞         Spirit   .   (no helmet)
rElec    +         Reflect  .   (no cloak)
rCorr    .         Harm     .   (no gloves)
MR       .....                  (no boots)
Stlth    ..........             (no amulet)
Regen    0.1/turn               (no ring)
MPRegen  0.1/turn               (no ring)

@: paralysed
A: negative energy resistance 1, electricity resistance, unbreathing,
petrification resistance, rot immunity, AC +3
a: no special abilities


You were on level 3 of the Dungeon.
You were not hungry.

You visited 1 branch of the dungeon, and saw 3 of its levels.

You collected 185 gold pieces.

Inventory:

Hand Weapons
 a - a +0 long sword (weapon)
Missiles
 r - 3 silver tomahawks (quivered)
Armour
 b - a +0 scale mail (worn)
 c - a +0 shield
Scrolls
 g - a scroll of identify {unknown}
 i - a scroll of amnesia {unknown}
 l - a scroll of recharging {unknown}
 p - a scroll of remove curse {unknown}
 s - a scroll of blinking {unknown}
Potions
 d - 3 potions of might
 e - 3 potions of flight {unknown}
 h - 2 potions of lignification {unknown}
 j - 2 potions of berserk rage {unknown}
 k - a potion of heal wounds {unknown}
 n - a potion of haste {unknown}
 o - a potion of brilliance {unknown}
Comestibles
 f - a bread ration
 m - 2 chunks of flesh
 q - a meat ration


   Skills:
 - Level 3.2 Fighting
 - Level 1.7 Long Blades
 - Level 3.2 Armour
 + Level 5.3 Shields


You had 3 spell levels left.
You didn't know any spells.

Dungeon Overview and Level Annotations

Branches:
Dungeon (3/15)

Altars:

Annotations:
D:3 Grinder


Innate Abilities, Weirdness & Mutations

You are resistant to torment.
Your stone body is resilient. (AC +3)
You are immune to poison.
You resist negative energy. (rN+)
You are resistant to electric shocks. (rElec)
You can survive without breathing.
You are immune to petrification.
You are immune to rotting.


Message History

The silver tomahawk closely misses Grinder.
Grinder closely misses you.
You riposte.
You barely miss Grinder.
Throwing (i - inventory):
r - 4 silver tomahawks (quivered)
Press: ? - help, Shift-Dir - straight line, f/p - Grinder
Aim: Grinder (chaotic)
You throw a silver tomahawk. The silver tomahawk hits Grinder.
The silver sears Grinder!
Grinder is lightly wounded.
Grinder gestures at you.
You suddenly lose the ability to move!
Grinder completely misses you. Grinder hits you.
You writhe in agony.
Grinder hits you but does no damage. Grinder hits you.
* * * LOW HITPOINT WARNING * * *
Grinder says, "There's only one good use for a tongue: cutting it out."
Grinder hits you but does no damage. Grinder gestures at you.
You shrug off the repeated paralysis!
Grinder hits you!
You die...

###.##..#.#>.#
##.###.#..>.##.#
..............>.#
........#.........
###.......###.####
##......# ...
#.####.# ##.# ...
#$### ..# #..#
#@..# .# #.
#5#....# #.####...
... .. #.. .(.#
##.# ..


You could see Grinder.

Vanquished Creatures
  An adder (D:2)
  3 worms (D:2)
  A dart slug (D:2)
  2 leopard geckos
  An orc (D:3)
  7 bats
  2 giant cockroaches (D:2)
  2 goblins (D:1)
  8 hobgoblins
  2 frilled lizards (D:1)
  6 kobolds (D:1)
  5 rats
40 creatures vanquished.

Notes
Turn   | Place    | Note
-------+----------+-------------------------------------------
     0 | D:1      | Kingsmith the Gargoyle Fighter began the quest for the Orb.
     0 | D:1      | Reached XP level 1. HP: 14/14 MP: 1/1
   358 | D:1      | Reached XP level 2. HP: 19/19 MP: 2/2
   403 | D:1      | Reached skill level 4 in Shields
  1032 | D:2      | Reached XP level 3. HP: 23/23 MP: 3/3
  1356 | D:2      | Reached skill level 5 in Shields
  1647 | D:2      | Reached XP level 4. HP: 28/28 MP: 4/4
  1848 | D:3      | Noticed Grinder
  1851 | D:3      | Paralysed by Grinder for 4 turns
  1856 | D:3      | Paralysed by Grinder for 7 turns
  1862 | D:3      | Slain by Grinder

Skill      XL: |  1  2  3 |
---------------+----------+-----
Shields        | 4 5 |  5.3
Fighting       | |  3.2
Long Blades    | |  1.7
Armour         | |  3.2

Action                   |  1- 3 |  4- 6 || total
-------------------------+-------+-------++-------
Melee: Long sword        |   134 |    11 ||   145
Throw: Tomahawk          |       |     2 ||     2
  Eat: Chunk             |     3 |       ||     3
Armor: Scale mail        |   120 |     7 ||   127
Dodge: Dodged            |    85 |     6 ||    91
       Rpst.: Long sword |    26 |     1 ||    27
